 Dungeon Crawl Stone Soup version 0.30.1-11-g7821555f0a (webtiles) character file.

Game seed: 2192605597981282994

25 SacredBeard the Vexing (level 2, 0/16 HPs)
             Began as a Deep Elf Hexslinger on Oct 30, 2023.
             Slain by a quokka (3 damage)
             ... on level 2 of the Dungeon.
             The game lasted 00:02:21 (907 turns).

SacredBeard the Vexing (Deep Elf Hexslinger)         Turns: 907, Time: 00:02:21

Health: 0/16       AC:  2    Str:  7    XL:     2   Next: 86%
Magic:  5/7        EV: 13    Int: 17    God:
Gold:   46         SH:  0    Dex: 15    Spells: 4/5 levels left

rFire   . . .        f - +0 dagger
rCold   + . .        (no shield)
rNeg    . . .        c - +0 robe
rPois   .            (no helmet)
rElec   .            (no cloak)
rCorr   .            (no gloves)
SInv    .            (no boots)
Will    .....        (no amulet)
Stlth   +            g - ring of protection from cold
HPRegen 0.22/turn    (no ring)
MPRegen 0.10/turn

%: no passive effects
@: mighty
A: no striking features
a: no special abilities


You were on level 2 of the Dungeon.
You visited 1 branch of the dungeon, and saw 2 of its levels.

You collected 46 gold pieces.

Inventory:

Hand Weapons
 a - a +1 sling
 f - a +0 dagger (weapon)
Armour
 c - a +0 robe (worn)
Jewellery
 g - a ring of protection from cold (left hand)
Scrolls
 b - a scroll of poison
 d - a scroll of fog {unknown}
 h - a scroll of identify {unknown}
 i - 2 scrolls of magic mapping {unknown}
Potions
 j - a potion of degeneration {unknown}
 k - a potion of attraction {unknown}


   Skills:
 - Level 1.0 Fighting
 + Level 3.1 Ranged Weapons
 + Level 0.6 Armour
 + Level 2.8 Dodging
 + Level 2.1 Spellcasting
 + Level 4.3 Hexes


You had 4 spell levels left.
You knew the following spells:

 Your Spells              Type           Power      Damage    Failure   Level
a - Slow                  Hex            64%        N/A       3%          1

Your spell library contained the following spells:

 Spells                   Type           Power      Damage    Failure   Level
 Inner Flame              Hex/Fire       9%         N/A       24%         3
 Portal Projectile        Hex/Tloc       18%        N/A       24%         3
 Cause Fear               Hex            8%         N/A       32%         4


Dungeon Overview and Level Annotations

Branches:
Dungeon (2/15) Zot: 11073

Altars:


Message History

A quokka comes into view.
You shoot a sling bullet. The sling bullet hits the quokka.
The quokka is lightly wounded.
You shoot a sling bullet. The sling bullet misses the quokka.
The quokka bites you.
You shoot a sling bullet.
The sling bullet closely misses the quokka.
The quokka bites you. The quokka misses you.
You shoot a sling bullet.
The sling bullet barely misses the quokka.
The quokka bites you.
You are too injured to fight recklessly!
You are too injured to fight recklessly!
You are too injured to fight recklessly!
f - a +0 dagger (weapon)
The quokka bites you.
* * * LOW HITPOINT WARNING * * *
Casting: Slow (safe; 3% risk of failure)
Confirm with . or Enter, or press ? or * to list all spells.
Aiming: Slow (safe; 3% risk of failure)
Press: ? - help, Shift-Dir - straight line, f/p - quokka
Aim: a quokka (lightly wounded, chance to affect: 67%)
The quokka seems to slow down.
A goblin comes into view. It is wielding a +0 dagger.
The quokka barely misses you.
You barely miss the quokka.
The quokka is lightly wounded.
The quokka twitches its whiskers.
The quokka bites you but does no damage.
Casting: Slow (safe; 3% risk of failure)
Confirm with . or Enter, or press ? or * to list all spells.
Aiming: Slow (safe; 3% risk of failure)
Press: ? - help, Shift-Dir - straight line, f - goblin, p - quokka
Aim: a goblin, wielding a +0 dagger (chance to affect: 67%)
The goblin seems to slow down.
The goblin hits you with a +0 dagger.
* * * LOW HITPOINT WARNING * * *
It was a potion of might.
You feel very mighty all of a sudden. The quokka bites you.
You die...

+# ... ... ..
#####.#
#.g@r.#
#.##### #.#
##..###.####
...........#
##...##.##.#
#.......#.#
###.....#.##.
#.#......#..


You could see a quokka (slow) and a goblin (slow).

Vanquished Creatures
  3 endoplasms (D:1)
  3 giant cockroaches (D:1)
  A hobgoblin (D:1)
  8 bats (D:1)
  3 frilled lizards (D:1)
  3 goblins (D:1)
  4 kobolds (D:1)
25 creatures vanquished.

Notes
Turn   | Place    | Note
-------+----------+-------------------------------------------
     0 | D:1      | SacredBeard the Deep Elf Hexslinger began the quest for the
                  | Orb.
     0 | D:1      | Reached XP level 1. HP: 11/11 MP: 5/5
   129 | D:1      | Found a faded altar of an unknown god.
   190 | D:1      | Reached skill level 1 in Fighting
   235 | D:1      | Reached XP level 2. HP: 12/16 MP: 6/6
   907 | D:2      | Slain by a quokka

Illustrated notes

Levels and vault maps discovered:
D:1:      pf_arrival_petrified_forest, layout_basic,
          hellmonk_ecumenical_altar_crossroads, minmay_pentomino_v2
D:2:      layout_basic, uniq_natasha, uniq_jessica

Skill      XL: |  1  2 |
---------------+-------+-----
Fighting       | 1 |  1.0
Ranged Weapons | 3 |  3.1
Spellcasting   | 2 |  2.1
Armour         | |  0.6
Dodging        | |  2.8
Hexes          | |  4.3

Action                     || total
---------------------------++-------
  Melee: Dagger            ||    10
   Fire: Sling             ||    83
   Cast: Slow              ||     2
    Use: Potion            ||     1
 Armour: Robe              ||     7
  Dodge: Dodged            ||    39
